 Dungeon Crawl Stone Soup version 0.20.1-1-g8b1a95d66d (webtiles) character file.

221 Gargoyl the Skirmisher (level 5, -3/46 HPs)
             Began as a Centaur Abyssal Knight on Dec 23, 2017.
             Was a Believer of Lugonu.
             Killed from afar by Dowan (23 damage)
             ... with a shard of ice
             ... on level 4 of the Dungeon.
             The game lasted 00:05:08 (3305 turns).

Gargoyl the Skirmisher (Centaur Abyssal Knight)     Turns: 3305, Time: 00:05:08

Health: -3/46      AC:  6    Str: 15    XL:     5   Next: 65%
Magic:  7/7        EV:  4    Int: 11    God:    Lugonu [**....]
Gold:   111        SH:  7    Dex:  9    Spells: 4/4 levels left

rFire    . . .     SeeInvis .   i - +2 war axe
rCold    . . .     Gourm    .   g - +0 shield
rNeg     . . .     Faith    .   m - +0 scale mail
rPois    .         Spirit   .   (no helmet)
rElec    .         Reflect  .   e - scarf {cloud immunity}
rCorr    .         Harm     .   (no gloves)
MR       .....                  (no barding)
Stlth    ..........             (no amulet)
Regen    0.2/turn               (no ring)
MPRegen  0.1/turn               (no ring)

@: very quick
A: hooves 3, deformed body, speed 2, tough skin 3
a: Depart the Abyss, Bend Space, Renounce Religion


You were on level 4 of the Dungeon.
You worshipped Lugonu.
Lugonu was pleased with you.
You were not hungry.

You visited 1 branch of the dungeon, and saw 4 of its levels.
You visited the Abyss 1 time.

You collected 111 gold pieces.

Inventory:

Hand Weapons
 a - a +1 hand axe
 i - a +2 war axe (weapon)
Armour
 e - a scarf of cloud immunity (worn)
 g - a +0 shield (worn)
 m - a +0 scale mail (worn)
Wands
 k - a wand of iceblast (4/15)
 p - a wand of digging (13/24)
Scrolls
 d - 3 scrolls of identify
 f - a scroll of remove curse
 n - 2 scrolls of blinking
Potions
 h - a potion of flight
 j - 2 potions of curing {unknown}
 l - 2 potions of brilliance {unknown}
Books
 b - a book of Minor Magic

   Spells                             Type                      Level
   a - Magic Dart                     Conjuration                  1
   b - Blink                          Translocation                2
   c - Call Imp                       Summoning                    2
   d - Slow                           Hexes                        2
   e - Conjure Flame                  Conjuration/Fire             3
   f - Mephitic Cloud                 Conjuration/Poison/Air       3
Comestibles
 c - a bread ration
 o - 2 fruits


   Skills:
 + Level 4.0 Fighting
 + Level 3.1 Axes
 * Level 2.4 Armour
 + Level 1.1 Dodging
 + Level 0.8 Shields
 * Level 3.0 Invocations


You had 4 spell levels left.
You didn't know any spells.

Dungeon Overview and Level Annotations

Branches:
Dungeon (4/15)
 Temple: D:4-7

Altars:
Nemelex Xobeh
Okawaru

Annotations:
D:4 Dowan


Innate Abilities, Weirdness & Mutations

You have hooves in place of feet.
Armour fits poorly on your strangely shaped body.
You cover ground very quickly.
You have extremely tough skin. (AC +3)


Message History

You kill the orc!
Lugonu accepts your kill.
Dowan mumbles some strange words.
Dowan blinks!
Unknown command.
Items here: )) [[ † a hand axe; a leather armour; a short sword; a ring mail; an orc corpse Unknown command.
You block Dowan's attack.
You barely miss Dowan.
Dowan is almost dead.
Dowan hits you but does no damage.
Dowan points at you and mumbles some strange words.
You block the shard of ice. You block Dowan's attack.
Your shield and scale mail prevent you from hitting Dowan.
Dowan is almost dead.
Dowan casts a spell at you. The shard of ice hits you!
Ouch! That really hurt!
You die...

########## ## #........#### ....
..##...........# #...?
..............# #....
#............# #....
#...........e# #....
#..........@# #....
##.###....####...############....
#......<.........)...............
#..##.###.####..)############....
# ...# ##### #...$ #.... .#...
...... .. >.. .###... ... ... #
##### )..e o..


You could see Dowan.

Vanquished Creatures
  Duvessa (D:4)
  A gnoll (D:1)
  2 adders (D:2)
  3 worms
  3 dart slugs
  A leopard gecko (D:3)
  5 orcs
  A ball python (D:3)
  5 giant cockroaches
  12 hobgoblins
  7 bats
  3 frilled lizards
  10 goblins
  11 kobolds
  4 rats
69 creatures vanquished.

Notes
Turn   | Place    | Note
-------+----------+-------------------------------------------
     0 | Abyss:1  | Gargoyl the Centaur Abyssal Knight began the quest for the Orb.
     0 | Abyss:1  | Reached XP level 1. HP: 19/19 MP: 2/2
    90 | Abyss:2  | Noticed a large abomination
   109 | Abyss:2  | Noticed a smoke demon
   111 | Abyss:2  | Noticed a hungry ghost
   111 | D:1      | Escaped the Abyss
   181 | D:1      | Reached XP level 2. HP: 9/26 MP: 3/3
   416 | D:1      | Reached * piety under Lugonu
   848 | D:1      | Reached XP level 3. HP: 30/31 MP: 4/4
  1627 | D:2      | Found an iron altar of Okawaru.
  1636 | D:2      | Reached XP level 4. HP: 25/40 MP: 5/5
  1865 | D:2      | Reached ** piety under Lugonu
  3075 | D:3      | Found a sparkling altar of Nemelex Xobeh.
  3260 | D:4      | Noticed Duvessa
  3260 | D:4      | Noticed Dowan
  3299 | D:4      | Killed Duvessa
  3299 | D:4      | Reached skill level 4 in Fighting
  3299 | D:4      | Reached skill level 1 in Dodging
  3299 | D:4      | Reached XP level 5. HP: 19/46 MP: 7/7
  3305 | D:4      | Killed from afar by Dowan

Skill      XL: |  1  2  3  4 |
---------------+-------------+-----
Axes           | 2 3 |  3.1
Armour         | 2 |  2.4
Fighting       | 4 |  4.0
Dodging        | 1 |  1.1
Invocations    | 3 |  3.0
Shields        | |  0.8

Action                   |  1- 3 |  4- 6 || total
-------------------------+-------+-------++-------
Melee: Hand axe          |    97 |    19 ||   116
       Kick              |    14 |    19 ||    33
       War axe           |       |    77 ||    77
Invok: Depart the Abyss  |     1 |       ||     1
  Use: Scroll            |     3 |     3 ||     6
       Potion            |     1 |       ||     1
  Eat: Chunk             |     1 |     1 ||     2
       Bread ration      |       |     1 ||     1
Armor: Leather armour    |    49 |     4 ||    53
       Scale mail        |       |    40 ||    40
Dodge: Dodged            |    23 |    16 ||    39
Block: Shield            |    27 |    30 ||    57
